 Dungeon Crawl Stone Soup version 0.31.0-7-gf635a9b802 (webtiles) character file.

Game seed: 441302130464320797

2639 night the Grappler (level 9, -3/75 HPs)
             Began as a Troll Shapeshifter on Jan 23, 2024.
             Was a High Priest of Cheibriados.
             Killed from afar by an electric eel (14 damage)
             ... with a bolt of electricity
             ... on level 7 of the Dungeon.
             The game lasted 00:12:48 (4576 turns).

night the Grappler (Troll Shapeshifter)             Turns: 4576, Time: 00:12:49

Health: -3/75      AC:  5    Str: 37    XL:     9   Next: 35%
Magic:  8/8        EV: 15    Int: 19    God:    Cheibriados [*****.]
Gold:   288        SH:  0    Dex: 26    Spells: 8/8 levels left

rFire   . .          .
                       - Unarmed
rCold   . . .        (no shield)
rNeg    . . .        a - +1 animal skin
rPois   .            (helmet currently unavailable)
rElec   .            (cloak currently unavailable)
rCorr   .            (gloves unavailable)
SInv    .            (boots unavailable)
Will    .....        (no amulet)
Stlth   ++           n - +6 ring of dexterity
HPRegen 1.12/turn    (no ring)
MPRegen 0.11/turn

%: no passive effects
@: beast-form, very slow
A: beast (slay +4), large, unfitting armour, claws 3, regeneration 1, shaggy fur
1, tough skin 1
a: Begin Untransformation, Renounce Religion, Bend Time, Temporal Distortion,
Slouch, Step From Time


You were on level 7 of the Dungeon.
You worshipped Cheibriados.
Cheibriados was extremely pleased with you.
You were a hulking beast.
You visited 2 branches of the dungeon, and saw 8 of its levels.
You also visited: Sewer.

You collected 398 gold pieces.
You spent 110 gold pieces at shops.

Inventory:

Missiles
 f - 97 stones (quivered)
 h - 6 silver javelins
 q - 11 poisoned darts
 t - 4 boomerangs
 w - 4 throwing nets
Armour
 a - a +1 animal skin (worn)
Jewellery
 n - a +6 ring of dexterity (left claw)
Talismans
 c - a beast talisman (active)
 d - a flux talisman
 I - a blade talisman
Wands
 p - a wand of charming (6)
 x - a wand of roots (11)
Scrolls
 o - a scroll of fog
 u - a scroll of immolation
 v - 3 scrolls of teleportation
 y - a scroll of amnesia {unknown}
 z - 2 scrolls of enchant weapon {unknown}
 E - a scroll of butterflies {unknown}
 G - 3 scrolls of revelation {unknown}
 J - a scroll of brand weapon {unknown}
Potions
 b - 2 potions of lignification
 e - 5 potions of enlightenment
 g - 2 potions of might {unknown}
 i - a potion of attraction {unknown}
 j - 4 potions of heal wounds
 l - 6 potions of curing
 r - 2 potions of brilliance {unknown}
 s - a potion of mutation {unknown}
 B - a potion of magic {unknown}
 C - a potion of resistance {unknown}
 D - 2 potions of invisibility {unknown}
 F - a potion of cancellation {unknown}
 H - 2 potions of haste {unknown}


   Skills:
 - Level 0.7 Fighting
 + Level 6.0 Dodging
 + Level 8.2 Unarmed Combat
 + Level 0.3 Invocations
 + Level 7.6 Shapeshifting


You had 8 spell levels left.
You didn't know any spells.
Your spell library contained the following spells:

 Spells                   Type           Power      Damage    Failure   Level
 Cigotuvi's Dreadful Rot  Necr/Alch/Air  0%         N/A       30%         2
 Dispel Undead            Necr           0%         3d6       90%         4
 Martyr's Knell           Necr/Summ      0%         N/A       90%         4
 Death Channel            Necr           0%         N/A       100%        6


Dungeon Overview and Level Annotations

Branches:
Dungeon (7/15)             Temple (1/1) D:6           Sewer (visited)

Altars:
Ashenzari
Cheibriados
Elyvilon
Fedhas
Gozag
Hepliaklqana
Kikubaaqudgha
Qazlal
Ru
Vehumet
Wu Jian
Xom
Zin
The Shining One

Shops:
D:4 ![


Innate Abilities, Weirdness & Mutations

You are a hulking beast.
Your limbs bulge with bestial killing power. (Slay +4)
You are too large for most types of armour.
You have claws for hands.
Your natural rate of healing is unusually fast.
You are covered in fur. (AC +1)
You have tough skin. (AC +1)


Message History

You closely miss the iguana.
The iguana is almost dead.
The iguana misses you.
You scratch the iguana.
You kill the iguana!
Cheibriados appreciates the change of pace.
Your Dodging skill increases to level 6!
A gnoll is nearby!
Saving game... please wait.
Welcome back, night the Troll Shapeshifter.
Cheibriados says: Take it easy.
Press ? for a list of commands and other information.
The gnoll shouts! x2
The gnoll throws a stone.
The stone hits you.
The gnoll throws a stone.
The stone closely misses you.
The gnoll throws a stone.
The stone hits you but does no damage.
An electric eel comes into view.
The electric eel shoots out a bolt of lightning at you!
The bolt of electricity hits you!
The electric eel shoots out a bolt of lightning at you!
The bolt of electricity misses you.
The gnoll throws a stone.
The stone closely misses you.
The gnoll throws a boomerang.
The boomerang hits you.
The electric eel shoots out a bolt of lightning at you!
The bolt of electricity hits you!
The gnoll throws a stone.
The stone hits you but does no damage.
The electric eel shoots out a bolt of lightning at you!
The bolt of electricity hits you!
The electric eel shoots out a bolt of lightning at you!
The bolt of electricity hits you!
* * * LOW HITPOINT WARNING * * *
The gnoll throws a stone.
The stone hits you.
* * * LOW HITPOINT WARNING * * *
As you read the scroll of fog, it dissolves into smoke.
The gnoll throws a stone.
The stone hits you.
* * * LOW HITPOINT WARNING * * *
The gnoll throws a stone.
The stone closely misses you.
The electric eel shoots out a bolt of lightning at you!
The bolt of electricity hits you!
You die...

#..≈......# #....÷........
#.≈.....## ##...÷#..##....
##g≈......###...#########..
##.gS.[.....##...#.......#.#
#..g≈..#.§.......#.⌠.⌠.⌠.#..
....g≈.#†..§§§....#.......#..
...gg≈....§§§§§...'......<#..
....≈S....§§§§§...#.......#..
≈≈≈≈≈.....§h§.§...#.⌠.⌠.⌠.#..
≈..........§§####)#.......#..
.....###..#...##..#########..
....# ##.##.........##......
#.. ...###........#..#..# .##
#####.......##.# ..
##.....### # .# #........#
#........#


You could see 2 electric eels and 5 gnolls.

Vanquished Creatures
  A wyvern (D:7)
  A water moccasin (D:6)
  An orc warrior (D:5)
  2 ice beasts
  A black bear (D:6)
  An ogre (D:4)
  2 centaurs
  Blork the orc (D:4)
  4 bullfrogs
  3 gnoll sergeants (D:7)
  4 scorpions
  3 howler monkeys
  A bombardier beetle (D:5)
  4 hounds
  A gnoll bouda (D:7)
  2 jellies
  2 sleepcaps (D:6)
  3 iguanas
  An orc wizard (D:3)
  11 gnolls
  4 river rats (Sewer)
  21 adders
  2 dart slugs (D:2)
  12 orcs
  6 bats
  5 endoplasms
  3 giant cockroaches
  2 goblins
  4 hobgoblins
  3 jackals
  5 kobolds
  3 quokkas
  21 ball pythons
  3 frilled lizards
  24 rats
167 creatures vanquished.

Vanquished Creatures (collateral kills)
  A water moccasin (D:7)
  A gnoll (D:7)
  A jackal (D:7)
3 creatures vanquished.

Vanquished Creatures (others)
  2 adders (D:4)
2 creatures vanquished.

Grand Total: 172 creatures vanquished

Notes
Turn   | Place    | Note
-------+----------+-------------------------------------------
     0 | D:1      | night the Troll Shapeshifter began the quest for the Orb.
     0 | D:1      | Reached XP level 1. HP: 18/18 MP: 0/0
   323 | D:1      | Reached XP level 2. HP: 26/26 MP: 1/1
   426 | D:1      | Found a faded altar of an unknown god.
   842 | D:2      | Reached XP level 3. HP: 31/32 MP: 2/2
   864 | D:2      | Found a white marble altar of Elyvilon.
  1134 | D:3      | Found a snail-covered altar of Cheibriados.
  1155 | D:3      | Reached skill level 4 in Unarmed Combat
  1155 | D:3      | Reached XP level 4. HP: 39/40 MP: 3/3
  1170 | D:3      | Became a worshipper of Cheibriados the Contemplative
  1373 | D:3      | Reached * piety under Cheibriados
  1538 | D:3      | Reached XP level 5. HP: 25/46 MP: 4/4
  1795 | D:4      | Noticed an ogre
  1810 | D:4      | Killed an ogre
  1811 | D:4      | Reached skill level 2 in Dodging
  1863 | D:4      | Noticed Blork the orc
  1878 | D:4      | HP: 6/46 [Blork the orc/+0 glaive (12)]
  1879 | D:4      | HP: 1/46 [Blork the orc/magic dart (6)]
  1882 | D:4      | Killed Blork the orc
  1883 | D:4      | Reached skill level 5 in Unarmed Combat
  1883 | D:4      | Reached XP level 6. HP: 30/54 MP: 5/5
  1962 | D:4      | Found Qeqieth's Distillery.
  1963 | D:4      | Found Lebef's Armour Shop.
  2094 | D:4      | Reached ** piety under Cheibriados
  2191 | D:4      | Bought 2 potions of curing for 60 gold pieces
  2191 | D:4      | Bought a potion of heal wounds for 50 gold pieces
  2320 | D:4      | You fall into a shaft and drop 3 floors!
  2322 | D:7      | Noticed a water moccasin
  2326 | D:7      | Noticed an ice beast
  2339 | D:7      | Killed an ice beast
  2340 | D:7      | Reached skill level 5 in Shapeshifting
  2383 | D:7      | HP: 5/54 [gnoll/+0 halberd (13)]
  2494 | D:7      | Reached XP level 7. HP: 61/61 MP: 6/6
  2536 | D:7      | Noticed a wyvern
  2558 | D:7      | Killed a wyvern
  2569 | D:7      | Reached skill level 6 in Unarmed Combat
  2655 | D:7      | Reached XP level 8. HP: 68/68 MP: 7/7
  2729 | D:6      | Found a glowing drain.
  2741 | Sewer    | Entered a sewer
  2758 | Sewer    | Reached *** piety under Cheibriados
  2922 | Sewer    | Reached **** piety under Cheibriados
  3028 | D:6      | Reached skill level 7 in Unarmed Combat
  3040 | D:6      | Reached skill level 5 in Dodging
  3078 | D:5      | Entered Level 5 of the Dungeon
  3466 | D:5      | Reached XP level 9. HP: 75/75 MP: 8/8
  3496 | D:5      | Reached ***** piety under Cheibriados
  3849 | D:6      | Reached skill level 8 in Unarmed Combat
  4105 | D:6      | Found a staircase to the Ecumenical Temple.
  4115 | Temple   | Entered the Ecumenical Temple
  4524 | D:7      | HP: 10/75 [electric eel/bolt of electricity (2)]
  4572 | D:7      | HP: 11/75 [electric eel/bolt of electricity (13)]
  4576 | D:7      | Killed from afar by an electric eel

Illustrated notes

Levels and vault maps discovered:
D:1:      dpeg_arrival_oval, layout_basic,
          hellmonk_ecumenical_altar_prayer_group
D:2:      layout_rooms, basic_altar, nicolae_half_adder
D:3:      layout_rooms, mainiacjoe_overflow_catwalk, minmay_starry_boxes
D:4:      layout_basic, serial_shops, nicolae_shop_just_a_little_nook,
          nicolae_inconvenience_store, uniq_blork_the_orc
D:5:      layout_basic
D:6:      layout_basic, lemuel_temple_firewalk_b, gup_sewer_entry_glass
D:7:      layout_cave_pools, mainiacjoe_overflow_24_doors,
          grunt_dithmenos_shadows, serial_gnoll_camp, gnoll_camp_mini_basic,
          gnoll_camp_huts_moat, gnoll_camp_mini_sergeant, gnoll_camp_medium_01,
          gnoll_camp_mini_loothouse, gnoll_camp_mini_hut, enter_bailey_3,
          hangedman_abyss_or_decor_lesser_grid, grunt_ministairs_3, worms_lemuel
Temple:   nicolae_temple_figure_eight

Skill      XL: |  1  2  3  4  5  6  7  8  9 |
---------------+----------------------------+-----
Unarmed Combat | 4 5 6 7 8 |  8.2
Shapeshifting  | 4 5 7 |  7.6
Dodging        | 2 3 4 5 6 |  6.0
Fighting       | |  0.7
Invocations    | |  0.3

Action                     |  1- 3 |  4- 6 |  7- 9 || total
---------------------------+-------+-------+-------++-------
  Melee: Unarmed           |    64 |   127 |   183 ||   374
         Punch             |     2 |     4 |     4 ||    10
  Evoke: Wand              |       |     5 |     2 ||     7
    Use: Potion            |       |     2 |       ||     2
         Scroll            |       |       |     7 ||     7
   Stab: Sleeping          |       |     1 |     5 ||     6
 Armour: Animal skin       |    30 |    80 |   140 ||   250
  Dodge: Dodged            |    30 |    68 |   170 ||   268
   Form: Blade             |       |       |     1 ||     1
         Beast             |       |       |     1 ||     1
